 Dungeon Crawl Stone Soup version 0.28.0-53-g5a82cb258f (webtiles) character file.

Game seed: 3397689041995735161

53 Legadrian the Sneak (level 4, -3/28 HPs)
             Began as a Kobold Brigand on July 4, 2022.
             Slain by an adder (4 damage)
             ... on level 2 of the Dungeon.
             The game lasted 00:03:58 (1075 turns).

Legadrian the Sneak (Kobold Brigand)                Turns: 1075, Time: 00:03:59

Health: -3/28      AC:  3    Str:  8    XL:     4   Next: 11%
Magic:  4/4        EV: 14    Int: 12    God:
Gold:   37         SH:  0    Dex: 18    Spells: 3/3 levels left

rFire   . . .      SeeInvis .   a - +2 dagger
rCold   . . .      Faith    .   (no shield)
rNeg    . . .      Spirit   .   b - +0 robe
rPois   .          Reflect  .   (no helmet)
rElec   .          Harm     .   c - +0 cloak
rCorr   .          Rampage  .   (no gloves)
Will    .....                   (no boots)
Stlth   ++++......              (no amulet)
HPRegen 0.09/turn               (no ring)
MPRegen 0.09/turn               (no ring)

@: lethally poisoned (-3 -> -4)
A: small, no large weapons, nightstalker 3
a: no special abilities


You were on level 2 of the Dungeon.
You visited 1 branch of the dungeon, and saw 3 of its levels.

You collected 37 gold pieces.

Inventory:

Hand Weapons
 a - a +2 dagger (weapon)
 h - a +0 rapier
Missiles
 d - 9 poisoned darts (quivered)
 e - 2 curare-tipped darts
Armour
 b - a +0 robe (worn)
 c - a +0 cloak (worn)
Jewellery
 l - an amulet of magic regeneration
Scrolls
 g - a scroll of teleportation
 i - a scroll of fog {unknown}
 j - a scroll of vulnerability {unknown}
 k - 2 scrolls of brand weapon {unknown}


   Skills:
 + Level 3.5 Fighting
 - Level 2.6 Short Blades
 + Level 3.5 Throwing
 - Level 1.2 Dodging
 - Level 5.3 Stealth


You had 3 spell levels left.
You didn't know any spells.
Your spell library was empty.

Dungeon Overview and Level Annotations

Branches:
Dungeon (3/15)

Altars:

Shops:
D:1 :


Innate Abilities, Weirdness & Mutations

You are small and have problems with some larger weapons.
You are completely attuned to the shadows.


Message History

The adder bites you.
You barely miss the adder.
The kobold hits you with a +0 short sword.
The kobold hits you but does no damage. The adder bites you.
The kobold closely misses you.
The kobold throws a poisoned dart.
The poisoned dart closely misses you. The adder bites you.
The adder misses you. The adder barely misses you.
The adder closely misses you. The adder bites you but does no damage.
The adder closely misses you. The adder bites you. The adder barely misses you.
There is a stone staircase leading down here.
The adder bites you.
The kobold throws a poisoned dart.
The poisoned dart hits you!
You are lethally poisoned!
The adder closely misses you.
You climb downwards.
You feel sick.
There is a stone staircase leading up here.
* * * LOW HITPOINT WARNING * * *
You feel sick. The adder barely misses you.
You climb upwards.
* * * LOW HITPOINT WARNING * * *
You feel very sick.
There is a stone staircase leading down here.
* * * LOW HITPOINT WARNING * * *
You feel sick. The adder barely misses you.
* * * LOW HITPOINT WARNING * * *
You feel sick. The kobold hits you but does no damage. The adder misses you.
* * * LOW HITPOINT WARNING * * *
You feel sick.
You aren't carrying any potions.
As you read the scroll labelled NOYGUSSAME, it crumbles to dust.
It is a scroll of identify.
g - a scroll of teleportation
* * * LOW HITPOINT WARNING * * *
You feel sick. The adder bites you.
You die...

##.## .. #..#
... ##.##..#+#
#........
###..#....#
##.........#
#....#..###
##.#.#....#
#######
#..@K.>###
#.....# #.#.S.##
#..)..# #.#.#.#
#.....# #.#.#.#
#.....####.#.#.#
#..........#.†.#
#.....####.#####
####### #.####
#...<#


You could see an adder and a kobold.

Vanquished Creatures
  Terence (D:2)
  A ball python (D:1)
  2 bats (D:1)
  2 endoplasms (D:1)
  2 giant cockroaches
  2 goblins (D:1)
  5 hobgoblins
  3 jackals (D:1)
  2 kobolds (D:1)
  A frilled lizard (D:1)
  3 rats (D:1)
24 creatures vanquished.

Notes
Turn   | Place    | Note
-------+----------+-------------------------------------------
     0 | D:1      | Legadrian the Kobold Brigand began the quest for the Orb.
     0 | D:1      | Reached XP level 1. HP: 12/12 MP: 1/1
   121 | D:1      | Reached XP level 2. HP: 8/18 MP: 2/2
   416 | D:1      | Found Cuewuk's Book Emporium.
   782 | D:1      | Reached XP level 3. HP: 22/22 MP: 3/3
   977 | D:2      | Noticed Terence
   981 | D:2      | Killed Terence
   982 | D:2      | Reached XP level 4. HP: 28/28 MP: 4/4
  1075 | D:2      | HP: 1/28 [poisoned by a kobold]
  1075 | D:2      | Slain by an adder

Illustrated notes

Levels and vault maps discovered:
D:1:      nicolae_arrival_somewhat_less_tricky_arrival, layout_loops_ring,
          serial_shops, shop
D:2:      layout_basic, minmay_misc_feat_tower, uniq_terence, uniq_sigmund
D:3:      minmay_spotlight, layout_basic

Skill      XL: |  1  2  3 |
---------------+----------+-----
Throwing       | 3 |  3.5
Fighting       | 3 |  3.5
Short Blades   | |  2.6
Dodging        | |  1.2
Stealth        | |  5.3

Action                   |  1- 3 |  4- 6 || total
-------------------------+-------+-------++-------
Melee: Dagger            |    41 |     3 ||    44
       Punch             |     1 |       ||     1
Throw: Dart              |     3 |       ||     3
  Use: Scroll            |       |     1 ||     1
 Stab: Sleeping          |    15 |     2 ||    17
Armor: Robe              |     8 |     3 ||    11
Dodge: Dodged            |    12 |    11 ||    23
